Map: Moondance

Players

Dolan - Winner!

  • Race: Terran Terran
  • Spawn Location: 12:00

Maplez

  • Race: Protoss Protoss
  • Spawn Location: 6:00

Event: DreamHack SC2 Masters 2022 Atlanta (Offline)

VOD

Have the link to the VOD?

Description

Time

  • Played on: Nov. 18, 2022, 2:56 p.m.
  • Length: 5:47

All games in this series

Show
View Real Time Build Order
Export as new Build Order

Dolan Terran - Winner!

Build Orders: Cyclone Opening 

Get SALT Encoding   

  12  0:00  SCV  
  13  0:12  SCV  
  14  0:18  Supply Depot  
  14  0:24  SCV  
  15  0:39  SCV  
  15  0:41  Barracks  
  15  0:42  Refinery  
  16  0:51  SCV  
  16  0:53  Refinery  
  17  1:03  SCV  
  18  1:04  Supply Depot  
  18  1:15  SCV  
  19  1:28  Reaper, Orbital Command  
  20  1:41  Factory  
  20  1:54  SCV  
  21  2:06  SCV  
  22  2:17  Command Center  
  22  2:19  SCV  
  23  2:25  Barracks Reactor  
  23  2:28  Factory Tech Lab  
  22  2:31  SCV  
  22  2:37  Starport  
  23  2:45  SCV  
  23  2:49  Cyclone  
  27  2:55  Supply Depot  
  27  2:57  SCV  
  28  3:02  Marine  
  28  3:03  Marine  
  30  3:09  SCV  
  31  3:20  Marine  
  31  3:21  Marine  
  33  3:27  Factory Tech Lab  
  31  3:36  Banshee  
  31  3:37  Cloaking Field  
  31  3:40  Marine x2  
  36  3:42  SCV  
  36  3:48  Siege Tank  
  40  3:54  Orbital Command  
  41  3:55  SCV  
  41  3:58  Marine x2  
  43  4:07  Supply Depot  
  43  4:08  SCV  
  44  4:16  Marine x2  
  46  4:19  Banshee  
  46  4:23  SCV x2  
  51  4:30  Siege Tank  
  54  4:35  Supply Depot  
  54  4:36  Marine  
  54  4:37  Marine  
  56  4:41  SCV x2  
  58  4:54  Marine x2  
  60  5:01  SCV x2  
  60  5:02  Viking  
  64  5:12  Marine x2  
  64  5:13  SCV x2  
  68  5:24  Command Center  
  68  5:25  SCV x2  
Show
View Real Time Build Order
Export as new Build Order

Maplez Protoss 

Build Orders: 1 Gate Expand, Phoenix Opening 

Get SALT Encoding   

  12  0:00  Probe  
  13  0:12  Probe  
  14  0:16  Pylon  
  14  0:24  Probe (Chrono Boost)  
  16  0:36  Gateway, Probe (Chrono Boost)  
  16  0:42  Probe (Chrono Boost)  
  16  0:45  Assimilator  
  17  0:50  Probe  
  18  1:02  Probe  
  19  1:16  Probe  
  20  1:22  Cybernetics Core  
  22  1:32  Nexus  
  20  1:39  Pylon  
  20  1:43  Probe  
  21  1:47  Assimilator  
  21  1:55  Probe  
  21  1:56  Adept (Chrono Boost)  
  24  2:07  Probe  
  25  2:13  Stargate  
  25  2:16  Adept (Chrono Boost)  
  25  2:19  Probe  
  28  2:28  Warp Gate  
  28  2:31  Probe  
  29  2:39  Adept  
  29  2:44  Shield Battery, Probe  
  32  2:45  Probe  
  33  2:56  Phoenix (Chrono Boost), Probe  
  36  3:04  Probe  
  37  3:08  Probe  
  38  3:15  Pylon  
  38  3:16  Probe  
  39  3:20  Probe  
  39  3:23  Phoenix (Chrono Boost)  
  42  3:28  Probe  
  42  3:32  Probe  
  42  3:40  Probe  
  41  3:44  Phoenix (Chrono Boost), Probe  
  41  3:46  Robotics Facility  
  42  3:52  Probe  
  42  3:53  Shield Battery  
  43  3:56  Probe  
  43  4:00  Gateway  
  44  4:02  Phoenix (Chrono Boost)  
  44  4:04  Probe  
  47  4:11  Assimilator  
  47  4:12  Probe  
  47  4:13  Assimilator  
  47  4:16  Stalker  
  50  4:18  Probe  
  50  4:22  Pylon  
  51  4:24  Probe  
  51  4:30  Probe  
  53  4:35  Pylon  
  53  4:36  Probe  
  54  4:43  Probe  
  55  4:48  Observer (Chrono Boost), Probe  
  57  4:53  Shield Battery  
  57  4:55  Probe  
  57  5:00  Probe  
  58  5:07  Probe  
  58  5:11  Nexus  
  58  5:12  Probe  
  64  5:21  Robotics Bay  
  64  5:23  Stalker  
  66  5:30  Pylon  
  66  5:32  Stalker  
  65  5:44  Pylon  
Tags
 
Add a new tag
Caveats
  • Supply blocks, unpowered buildings, or Contaminate may cause inaccurate times.
  • Supply counts are checked every 10 seconds.